 Dungeon Crawl Stone Soup version 0.24.1-4-ge52af88ad5 (webtiles) character file.

Game seed: 4857377466271743189, levelgen mode: deterministic

50201 Peloso the Fencer (level 14, -10/141 HPs)
             Began as a Minotaur Fighter on Apr 12, 2020.
             Was the Champion of Okawaru.
             Hit by a large rock thrown by a cyclops (28 damage)
             ... on level 2 of the Orcish Mines.
             The game lasted 00:48:10 (18409 turns).

Peloso the Fencer (Minotaur Fighter)               Turns: 18409, Time: 00:48:11

Health: -10/141    AC: 23    Str: 24    XL:     14   Next: 18%
Magic:  14/14      EV: 13    Int:  5    God:    Okawaru [******]
Gold:   1016       SH: 15    Dex: 16    Spells: 13/13 levels left

rFire    + . .     SeeInvis .   a - +7 scimitar of Peril {flame, rC+ Dex+4}
rCold    . . .     Gourm    .   c - +0 shield
rNeg     . . .     Faith    .   m - +2 chain mail {rPois}
rPois    +         Spirit   .   A - +1 hat
rElec    .         Reflect  .   G - +2 cloak {MR+}
rCorr    .         Harm     .   (no gloves)
MR       ++...                  v - +0 pair of boots
Stlth    ..........             (no amulet)
HPRegen  0.33/turn              O - ring of fire
MPRegen  0.14/turn              r - +3 ring of protection

@: no status effects
A: retaliatory headbutt, hooves 1, horns 2, repulsion field 1, robust 1
a: Heroism, Finesse, Renounce Religion


You were on level 2 of the Orcish Mines.
You worshipped Okawaru.
Okawaru was exalted by your worship.
You were not hungry.

You visited 4 branches of the dungeon, and saw 18 of its levels.

You collected 1478 gold pieces.
You spent 462 gold pieces at shops.

Inventory:

Hand Weapons
 a - the +7 scimitar of Peril (weapon) {flame, rC+ Dex+4}
   (Okawaru gifted it to you on level 12 of the Dungeon)

   It has been specially enchanted to burn those struck by it, causing extra
   injury to most foes and up to half again as much damage against particularly
   susceptible opponents.
   Big, fiery blades are also staple armaments of hydra-hunters.
   It affects your dexterity (+4).
   It protects you from cold.
 b - the +5 falchion of Loikh {flame, Str+2}
   (Okawaru gifted it to you on level 1 of the Orcish Mines)

   It has been specially enchanted to burn those struck by it, causing extra
   injury to most foes and up to half again as much damage against particularly
   susceptible opponents.
   Big, fiery blades are also staple armaments of hydra-hunters.
   It affects your strength (+2).
Armour
 c - a +0 shield (worn)
 m - a +2 chain mail of poison resistance (worn)
 v - a +0 pair of boots (worn)
 A - a +1 hat (worn)
 G - a +2 cloak of magic resistance (worn)
Jewellery
 r - a +3 ring of protection (right hand)
 w - an uncursed ring of flight
 M - an uncursed ring of protection from fire
 O - a ring of fire (left hand)
Scrolls
 e - a scroll of noise
 h - 6 scrolls of blinking
 k - 4 scrolls of teleportation
 n - 2 scrolls of fog
 x - 6 scrolls of remove curse
 B - 3 scrolls of magic mapping
 W - a scroll of holy word {unknown}
Potions
 d - 3 potions of might
 o - 4 potions of heal wounds
 q - 2 potions of haste
 z - 3 potions of flight {unknown}
 D - 2 potions of resistance {unknown}
 E - a potion of magic {unknown}
 F - 2 potions of agility
 I - 4 potions of lignification {unknown}
 J - 10 potions of curing {unknown}
 P - a potion of berserk rage
 U - 2 potions of ambrosia {unknown}
Comestibles
 f - 28 rations
 g - 2 chunks of flesh


   Skills:
 + Level 13.3 Fighting
 + Level 15.8 Long Blades
 + Level 13.1 Armour
 + Level 4.5 Dodging
 + Level 1.2 Stealth
 + Level 15.4 Shields
 + Level 2.0 Invocations
 + Level 1.0 Evocations


You had 13 spell levels left.
You didn't know any spells.
Your spell library contained the following spells:

 Spells                   Type           Power        Failure   Level  Hunger
 Confusing Touch          Hex            #.....       94%         1    ##.....
 Corona                   Hex            #......      94%         1    ##.....
 Shock                    Conj/Air       #...         94%         1    ##.....
 Sting                    Conj/Pois      #...         94%         1    ##.....
 Poisonous Vapours        Pois/Air       #.....       98%         2    ###....
 Slow                     Hex            #.......     98%         2    ###....
 Swiftness                Chrm/Air       #.......     98%         2    ###....
 Confuse                  Hex            #.......     100%        3    ####...
 Gell's Gravitas          Tloc           #.........   100%        3    ####...
 Ignite Poison            Fire/Tmut/Pois #.......     100%        3    ####...
 Inner Flame              Hex/Fire       #.......     100%        3    ####...
 Mephitic Cloud           Conj/Pois/Air  #.......     100%        3    ####...
 Portal Projectile        Hex/Tloc       #.....       100%        3    ####...
 Static Discharge         Conj/Air       #.......     100%        3    ####...
 Airstrike                Air            #.........   100%        4    #####..
 Cause Fear               Hex            #.........   100%        4    #####..
 Leda's Liquefaction      Hex/Erth       #.........   100%        4    #####..
 Petrify                  Tmut/Erth      #.......     100%        4    #####..
 Alistair's Intoxication  Tmut/Pois      #.......     100%        5    ######.
 Irradiate                Conj/Tmut      #.........   100%        5    ######.
 Lightning Bolt           Conj/Air       #.........   100%        5    ######.
 Metabolic Englaciation   Hex/Ice        #.........   100%        5    ######.
 Silence                  Hex/Air        #.........   100%        5    ######.
 Venom Bolt               Conj/Pois      #.........   100%        5    ######.
 Yara's Violent Unravell  Hex/Tmut       #.........   100%        5    ######.
 Deflect Missiles         Chrm/Air       #.........   100%        6    #######
 Hydra Form               Tmut           #.........   100%        6    #######
 Statue Form              Tmut/Erth      #........    100%        6    #######
 Dragon Form              Tmut           #.........   100%        7    #######
 Discord                  Hex            #.........   100%        8    #######


Dungeon Overview and Level Annotations

Branches:
Dungeon (12/15)            Temple (1/1) D:7            Lair (3/6) D:11
  Swamp (0/4) Lair:3        Snake (0/4) Lair:2          Orc (2/2) D:9
    Elf: Orc:2

Altars:
Ashenzari
Elyvilon
Gozag
Hepliaklqana
Kikubaaqudgha
Makhleb
Nemelex Xobeh
Okawaru
Ru
Sif Muna
Trog
Wu Jian
Xom
Yredelemnul
Zin
The Shining One
Beogh

Shops:
D:5 [   D:9 !   Orc:1 *

Annotations:
D:3 1 runed translucent door
D:12 3 runed translucent doors, Delamore's ghost, novice FoFi
Lair:2 2 transporters, Tiagovsky's ghost, journeyman MiCK
Lair:3 exclusion: ice statue


Innate Abilities, Weirdness & Mutations

You reflexively headbutt those who attack you in melee.
You have a pair of horns on your head.
You have large cloven feet.
You are surrounded by a mild repulsion field. (EV +2)
You are robust. (+10% HP)


Message History

Items here: ))) † a +0 mace; a +0 giant spiked club; a +0 hand axe; an orc corpse
Things that are here:
a +0 trident; a +0 chain mail A cyclops comes into view.
The cyclops shouts!
The troll bites you! You block the troll's attack.
The troll claws you but does no damage.
You barely miss the troll. You slash the troll! You burn the troll.
You headbutt the troll.
The troll is heavily wounded.
You block the troll's attack. The troll closely misses you.
The troll claws you!
You slice the troll!! You burn the troll.
You kill the troll!
Okawaru accepts your kill.
The cyclops throws a large rock.
The large rock hits you!!
* * * LOW HITPOINT WARNING * * *
The cyclops throws a large rock.
The large rock hits you!!
You die...

.. .... ....... ...#...
...#.$. .......$....#..
..<.#...##..............
.....#.........$#....#..
..................$.$...
........................
...................C....
...$....).......@.......
........<)..............
......(([[....(........#
..........[..)).........
...........[)[..........
........))))..).).......
.........†)..).........#
........[...........#...
.................#......


You could see a cyclops.

Vanquished Creatures
  Josephine (D:10)
  Erolcha (D:10)
  A hydra (Lair:2)
  10 two-headed ogres
  6 death yaks (Lair:2)
  A queen ant (D:8)
  An orc high priest (Orc:1)
  2 ogre magi (Orc:2)
  Sonja (Orc:2)
  2 deep trolls
  An unseen horror (D:12)
  2 orc knights (Orc:1)
  A manticore (Lair:2)
  An orc sorcerer (Orc:2)
  An ugly thing (D:12)
  2 centaur zombies (D:12)
  5 black mambas
  Psyche (D:10)
  3 spiny frogs
  3 rime drakes
  6 komodo dragons
  A freezing wraith (Lair:3)
  A polar bear (Lair:3)
  9 trolls
  A queen bee (Lair:2)
  Grinder (D:4)
  A blink frog (Lair:2)
  8 hippogriffs
  29 yaks
  Eustachio (D:4)
  A wyvern (Lair:2)
  5 wraiths (D:10)
  5 basilisks
  3 hungry ghosts
  Menkaure (D:5)
  4 swamp worms
  3 vampire mosquitoes (D:11)
  19 soldier ants (D:8)
  The ghost of Descartes the Magician, an amateur DEAE (D:3)
  3 porcupines
  Duvessa (D:6)
  8 water moccasins
  4 sky beasts
  13 orc warriors
  2 ice beasts
  A black bear (D:11)
  18 ogres
  13 wolves
  2 necrophages (D:11)
  2 centaurs
  4 crocodiles
  2 big kobolds
  3 wyvern zombies
  10 bullfrogs
  Dowan (D:6)
  2 scorpions
  26 killer bees (Lair:2)
  13 wights
  7 electric eels (D:9)
  10 crimson imps
  A centaur skeleton (D:5)
  3 iron imps (D:3)
  4 jellies
  5 hounds
  11 orc priests
  10 iguanas
  2 bullfrog skeletons
  15 orc wizards
  2 hell rats (Lair:2)
  26 worker ants
  A hound zombie (D:9)
  2 hound skeletons
  11 gnolls
  17 adders
  2 river rats
  A shadow imp (D:5)
  A white imp (Lair:3)
  An adder zombie (D:6)
  3 adder skeletons
  7 worms
  5 dart slugs
  6 leopard geckos
  77 orcs
  6 giant cockroaches
  7 goblins
  3 hobgoblins
  10 jackals
  4 quokkas
  4 ball pythons
  4 bats
  6 frilled lizards
  13 kobolds
  2 quokka skeletons
  5 rats
  A butterfly (Lair:1)
  A plant (Lair:2)
570 creatures vanquished.

Vanquished Creatures (others)
  7 fungi (Lair:2)
  16 plants
23 creatures vanquished.

Grand Total: 593 creatures vanquished

Notes
Turn   | Place    | Note
-------+----------+-------------------------------------------
     0 | D:1      | Peloso the Minotaur Fighter began the quest for the Orb.
     0 | D:1      | Reached XP level 1. HP: 19/19 MP: 0/0
   116 | D:1      | Reached XP level 2. HP: 24/27 MP: 1/1
   514 | D:1      | Gained mutation: You have large cloven feet. [potion of
                  | mutation]
   514 | D:1      | Gained mutation: You are robust. (+10% HP) [potion of
                  | mutation]
   514 | D:1      | Gained mutation: You are surrounded by a mild repulsion
                  | field. (EV +2) [potion of mutation]
   550 | D:2      | Reached XP level 3. HP: 25/36 MP: 2/2
   576 | D:2      | Found an ornate altar of the Wu Jian Council.
   712 | D:2      | Reached XP level 4. HP: 19/45 MP: 3/3
  1154 | D:3      | Reached XP level 5. HP: 21/51 MP: 4/4
  1350 | D:3      | Found a runed translucent door.
  1351 | D:3      | Noticed Descartes's ghost (amateur DEAE)
  1442 | D:3      | Found a runed translucent door.
  1644 | D:3      | Found a burning altar of Makhleb.
  1673 | D:3      | Reached skill level 5 in Long Blades
  1845 | D:4      | Reached XP level 6. HP: 54/60 MP: 5/5
  1853 | D:4      | Reached skill level 5 in Shields
  1945 | D:4      | Noticed Eustachio
  1994 | D:4      | Killed Eustachio
  1994 | D:4      | Reached skill level 5 in Fighting
  1994 | D:4      | Reached skill level 5 in Armour
  2055 | D:4      | Reached XP level 7. HP: 40/67 MP: 6/6
  2795 | D:4      | Noticed Grinder
  2808 | D:4      | Killed Grinder
  2903 | D:5      | Entered Level 5 of the Dungeon
  3128 | D:5      | Found Fyri's Armour Emporium.
  3190 | D:5      | Noticed Menkaure
  3197 | D:5      | Killed Menkaure
  3464 | D:5      | Reached XP level 8. HP: 77/77 MP: 7/7
  3671 | D:6      | You fall into a shaft and drop 2 floors!
  3886 | D:8      | Reached skill level 1 in Dodging
  4167 | D:7      | Found a staircase to the Ecumenical Temple.
  4257 | Temple   | Entered the Ecumenical Temple
  4293 | Temple   | Became a worshipper of Warmaster Okawaru
  4377 | D:6      | Noticed Dowan
  4378 | D:6      | Noticed Duvessa
  4390 | D:6      | Killed Duvessa
  4400 | D:6      | Killed Dowan
  4453 | D:6      | Reached XP level 9. HP: 76/86 MP: 8/8
  4473 | D:6      | Found a shattered altar of Ashenzari.
  4632 | D:6      | Found a glowing golden altar of the Shining One.
  5418 | D:7      | Reached * piety under Okawaru
  5559 | D:7      | Reached skill level 10 in Long Blades
  6219 | D:7      | Found a sparkling altar of Nemelex Xobeh.
  6219 | D:7      | Found a shimmering blue altar of Sif Muna.
  6502 | D:8      | Noticed a two-headed ogre
  6511 | D:8      | Killed a two-headed ogre
  6511 | D:8      | Reached ** piety under Okawaru
  6511 | D:8      | Reached XP level 10. HP: 65/96 MP: 9/9
  6541 | D:8      | Noticed a queen ant
  6563 | D:8      | Killed a queen ant
  6563 | D:8      | Reached *** piety under Okawaru
  6731 | D:8      | Found a sacrificial altar of Ru.
  7193 | D:8      | Reached skill level 10 in Shields
  7677 | D:8      | Reached **** piety under Okawaru
  7838 | D:8      | Found an opulent altar of Gozag.
  7839 | D:8      | Found a white marble altar of Elyvilon.
  8228 | D:9      | Noticed a two-headed ogre
  8237 | D:9      | Killed a two-headed ogre
  8237 | D:9      | Reached XP level 11. HP: 78/106 MP: 10/10
  8394 | D:9      | Found a staircase to the Orcish Mines.
  8441 | D:9      | Found a roughly hewn altar of Beogh.
  8526 | D:9      | Found Riroca's Distillery.
  8604 | D:8      | Reached ***** piety under Okawaru
  8768 | D:9      | Bought a potion of degeneration for 14 gold pieces
  8768 | D:9      | Bought a potion of berserk rage for 70 gold pieces
  8768 | D:9      | Bought a potion of might for 56 gold pieces
  9366 | D:9      | Reached skill level 10 in Armour
  9413 | D:10     | Entered Level 10 of the Dungeon
  9417 | D:10     | Noticed Psyche
  9445 | D:10     | Killed Psyche
  9781 | D:10     | Received a gift from Okawaru
  9815 | D:10     | Noticed Erolcha
  9829 | D:10     | Killed Erolcha
  9829 | D:10     | Reached skill level 1 in Invocations
  9829 | D:10     | Reached skill level 1 in Evocations
  9880 | D:10     | Noticed Josephine
  9938 | D:10     | Killed Josephine
  9985 | D:10     | Reached skill level 10 in Fighting
 10600 | D:11     | Reached XP level 12. HP: 115/116 MP: 9/12
 10727 | D:11     | Found a hazy altar of Hepliaklqana.
 11026 | D:11     | Found a staircase to the Lair.
 11474 | D:12     | Received a gift from Okawaru
 11478 | D:12     | Got an iridescent scimitar {god gift}
 11479 | D:12     | Identified the +7 scimitar of Peril {flame, rC+ Dex+4}
                  | (Okawaru gifted it to you on level 12 of the Dungeon)
 11704 | D:12     | Found a runed translucent gate.
 11705 | D:12     | Found a runed translucent gate.
 11706 | D:12     | Found a runed translucent gate.
 11708 | D:12     | Noticed an 11-headed hydra
 11708 | D:12     | Noticed Delamore's ghost (novice FoFi)
 11805 | D:12     | Noticed a two-headed ogre
 11805 | D:12     | Noticed a two-headed ogre
 11810 | D:12     | Killed a two-headed ogre
 11817 | D:12     | Killed a two-headed ogre
 12537 | D:3      | Killed Descartes's ghost
 12650 | D:5      | Bought a +2 cloak of magic resistance for 322 gold pieces
 12866 | Lair:1   | Entered Level 1 of the Lair of Beasts
 13965 | Lair:2   | Found a transporter.
 13970 | Lair:2   | Found a transporter.
 13971 | Lair:2   | Noticed Tiagovsky's ghost (journeyman MiCK)
 13972 | Lair:2   | Identified the +11 trident "Dealuq" {holy, rPois MR+ MP+9
                  | Stlth+}
 13977 | Lair:2   | Received a gift from Okawaru
 13984 | Lair:2   | Found a bloodstained altar of Trog.
 14013 | Lair:2   | Noticed a death yak
 14014 | Lair:2   | Noticed a death yak
 14071 | Lair:2   | Killed a death yak
 14071 | Lair:2   | Reached skill level 15 in Long Blades
 14078 | Lair:2   | Killed a death yak
 14170 | Lair:2   | Reached skill level 1 in Stealth
 14199 | Lair:2   | Reached XP level 13. HP: 127/127 MP: 13/13
 14253 | Lair:2   | Reached ****** piety under Okawaru
 14581 | Lair:2   | Identified Ifru's Papyrus of Intoxication
 15073 | Lair:2   | Found a staircase to the Snake Pit.
 15979 | Lair:3   | Found a staircase to the Swamp.
 16767 | Lair:1   | You fall into a shaft and drop 1 floor!
 17160 | Orc:1    | Entered Level 1 of the Orcish Mines
 17160 | Orc:1    | Found a burning altar of Makhleb.
 17260 | Orc:1    | Received a gift from Okawaru
 17265 | Orc:1    | Got a pitted falchion {god gift}
 17266 | Orc:1    | Identified the +5 falchion of Loikh {flame, Str+2} (Okawaru
                  | gifted it to you on level 1 of the Orcish Mines)
 17886 | Orc:1    | Found Josir's General Store.
 17947 | Orc:2    | Entered Level 2 of the Orcish Mines
 17947 | Orc:2    | Noticed Sonja
 17965 | Orc:2    | Killed Sonja
 18103 | Orc:1    | Received a gift from Okawaru
 18103 | Orc:1    | Reached skill level 15 in Shields
 18103 | Orc:1    | Reached XP level 14. HP: 105/141 MP: 14/14
 18114 | Orc:1    | Got a dazzling demon blade {god gift}
 18115 | Orc:1    | Identified the +4 demon blade of Okawaru's Hope {vamp,
                  | Fragile +Blink MP+9 Dex+2 Stlth+} (Okawaru gifted it to you
                  | on level 1 of the Orcish Mines)
 18409 | Orc:2    | Hit by a large rock thrown by a cyclops

Levels and vault maps discovered:
D:1:      scummos_arrival_simple_fountains, layout_loops_ring
D:2:      layout_basic, nicolae_overflow_hidden_temple, first_ration
D:3:      layout_rooms, demons_altar, ebering_ghost_sewer_f, due_unseen_surprise
D:4:      layout_basic, st_stairs_7, uniq_eustachio, uniq_grinder
D:5:      layout_gridville, serial_shops, nicolae_shop_behind_doors,
          uniq_menkaure
D:6:      layout_gridville, nicolae_tso_carved_into_rock,
          cheibrodos_sewer_entry_sluice, ashenzari_altar_1, uniq_duvessa
D:7:      layout_loops_ring, amethyst_overflow_temple_binary, temple_hall,
          worms_lemuel
D:8:      layout_basic, nicolae_ru_sacrificial_ziggurat,
          gammafunk_temple_overflow_statue, minivault_29
D:9:      layout_small_grid, minmay_orc_entry_temple_small, serial_bayou,
          serial_bayou_lagoon_b, serial_bayou_lagoon_a, serial_bayou_shore_a,
          serial_bayou_pond_c, serial_shops, shop, grunt_ogre_cave
D:10:     layout_long_grid, eino_small_chamber_without_monster, uniq_josephine,
          uniq_erolcha, uniq_psyche
D:11:     layout_roguey, basic_altar
D:12:     layout_basic, gammafunk_ghost_hydra_chop
Temple:   jpeg_temple_clearing
Lair:1:   layout_cave_pods, lemuel_fruit_fields
Lair:2:   regret_index_wax_grids, layout_regular_city,
          minmay_snake_entry_six_corridors, gammafunk_ghost_wrathful_warriors
Lair:3:   beast_lair_carwin_large_4, layout_small_grid,
          minmay_swamp_entry_worms, ice2_lemuel
Orc:1:    nicolae_orc_accident_1, layout_diamond_mine, serial_shops, shop,
          bloody_makhleb
Orc:2:    st_orc_open, layout_caves, uniq_sonja

Skill      XL: |  1  2  3  4  5  6  7  8  9 10 11 12 13 14 |
---------------+-------------------------------------------+-----
Fighting       | 4 5 7 8 9 10 11 13 | 13.3
Armour         | 4 5 6 8 9 10 11 12 13 | 13.1
Shields        | 4 5 6 7 8 10 12 13 15 | 15.4
Long Blades    | 3 4 5 6 7 9 11 12 13 15 | 15.8
Dodging        | 1 2 3 4 |  4.5
Invocations    | 1 2 |  2.0
Evocations     | 1 |  1.0
Stealth        | 1 |  1.2

Action                   |  1- 3 |  4- 6 |  7- 9 | 10-12 | 13-15 || total
-------------------------+-------+-------+-------+-------+-------++-------
Melee: Long sword        |    60 |   135 |   308 |   721 |       ||  1224
       Headbutt          |    12 |    31 |    76 |   206 |    90 ||   415
       Kick              |     8 |    37 |    10 |       |       ||    55
       Scimitar          |       |       |       |   163 |   414 ||   577
Invok: Heroism           |       |       |     1 |    17 |     1 ||    19
Evoke: Wand              |       |       |       |    13 |       ||    13
  Use: Potion            |     1 |       |     1 |     4 |       ||     6
       Scroll            |       |       |     8 |    10 |     2 ||    20
  Eat: Chunk             |       |     3 |    15 |    26 |    10 ||    54
       Ration            |       |       |       |     1 |     1 ||     2
Armor: Plate armour      |    34 |    20 |    67 |   154 |       ||   275
       Chain mail        |       |    54 |    31 |   124 |   132 ||   341
Dodge: Dodged            |    11 |    42 |    61 |   253 |   183 ||   550
Block: Shield            |    38 |    80 |   155 |   486 |   340 ||  1099
       Rpst.: Long sword |     3 |     8 |    13 |    46 |       ||    70
       Scimitar          |       |       |       |    25 |    38 ||    63
